Maple Leafs vs Devils
Created - 17 octobre 2014 at 19:16
Goals
|
| Maple Leafs |
5 |
1 |
2 |
8 |
| Devils |
3 |
2 |
1 |
6 |
|
Shots
|
| Maple Leafs |
14 |
2 |
13 |
29 |
| Devils |
11 |
17 |
11 |
39 |
|
1st period
1. Devils , Vincent Lecavalier 7 (Zach Parise) at 3:11
2. Devils , Jay Bouwmeester 2 (Guillaume Latendresse, Stephen Weiss) at 3:39 (PP)
3. Maple Leafs , Dion Phaneuf 2 (Braydon Coburn) at 6:11
4. Maple Leafs , Evgeni Malkin 6 (Claude Giroux, Alexander Frolov) at 9:28
5. Maple Leafs , Blake Comeau 1 (Dion Phaneuf, Tobias Enstrom) at 12:13
6. Maple Leafs , Claude Giroux 7 (Evgeni Malkin, Alexander Frolov) at 14:44
7. Maple Leafs , Claude Giroux 8 (Evgeni Malkin) at 14:48 (PP)
8. Devils , Patrick Eaves 2 (Mike Komisarek, Jay Bouwmeester) at 15:24
Penalties :
Matt Pettinger (Tor) for Tripping (Minor) at 3:20, Brendan Morrison (Tor) for Holding Stick (Minor) at 9:56, Zach Parise (NJD) for High sticking (Minor) at 14:47, Jay Bouwmeester (NJD) for Hooking (Minor) at 0:00
2nd period
9. Maple Leafs , Evgeni Malkin 7 (Claude Giroux) at 0:04 (PP)
10. Devils , Jason Arnott 4 (Patrick Eaves, Greg Stewart) at 2:35
11. Devils , Patric Hornqvist 6 (Brad Ference, Guillaume Latendresse) at 15:30
Penalties :
Evgeni Malkin (Tor) for Hooking (Minor) at 0:23, Jamie McBain (Tor) for Hooking (Minor) at 8:43
3rd period
12. Devils , Andrej Meszaros 1 (Vincent Lecavalier, Patric Hornqvist) at 4:49 (PP)
13. Maple Leafs , Blake Comeau 2 (Justin Abdelkader, Dion Phaneuf) at 9:33
14. Maple Leafs , Claude Giroux 9 (Evgeni Malkin, Tobias Enstrom) at 19:37 (Empty Net)
Penalties :
Alexander Frolov (Tor) for Holding Stick (Minor) at 4:09, Steve Ott (Tor) for Hooking (Minor) at 10:30
Goalie Stats
Marc-André Fleury (Tor), 33 saves from 39 shots - (0,846), W, 4-4-1, 60:00 minutes
Dan Ellis (NJD), 17 saves from 20 shots - (0,850), L, 3-1-0, 45:02 minutes
Viktor Fasth (NJD), 4 saves from 8 shots - (0,500), 14:44 minutes
Players Stats for Maple Leafs
Player Name G A P +/- PIM S H SB GA TA FO MP PP MP PK MP
------------------------------------------------------------------------------------
Alex Goligoski 0 0 0 0 0 1 0 1 1 0 0/0 20:28 0:00 3:19
Alexander Frolov 0 2 2 2 2 2 2 1 0 2 2/2 21:50 0:06 3:24
Blake Comeau 2 0 2 2 0 3 1 0 0 0 0/1 7:47 0:00 0:00
Braydon Coburn 0 1 1 3 0 1 1 0 0 0 0/0 22:57 0:00 3:19
Brendan Morrison 0 0 0 -1 2 0 2 0 2 1 7/18 16:40 0:00 2:35
Byron Bitz 0 0 0 -1 0 3 4 0 2 0 0/0 12:41 0:00 0:00
Claude Giroux 3 2 5 3 0 7 3 1 2 1 3/8 22:14 0:06 5:04
Colby Armstrong 0 0 0 -1 0 0 0 1 1 0 1/4 13:04 0:00 0:00
Dion Phaneuf 1 2 3 2 0 1 1 3 0 2 0/0 27:25 0:06 5:36
Evgeni Malkin 2 3 5 3 2 3 3 1 1 0 17/34 21:11 0:06 4:02
Jamie McBain 0 0 0 -1 2 0 1 1 0 0 0/0 11:48 0:00 0:00
Jordan Staal 0 0 0 -2 0 0 1 2 0 0 3/6 12:49 0:00 0:20
Justin Abdelkader 0 1 1 2 0 1 0 0 0 0 0/0 8:34 0:00 0:56
Lubomir Visnovsky 0 0 0 -1 0 3 0 1 0 1 0/0 11:29 0:00 0:00
Matt Pettinger 0 0 0 -1 2 1 0 2 0 0 1/1 12:32 0:00 0:00
Rob Schremp 0 0 0 2 0 2 0 0 0 0 4/6 7:27 0:00 0:00
Steve Ott 0 0 0 -2 2 0 4 0 1 0 1/1 13:52 0:00 1:29
Tobias Enstrom 0 2 2 1 0 1 1 2 0 2 0/0 26:11 0:06 5:36
Players Stats for Devils
Player Name G A P +/- PIM S H SB GA TA FO MP PP MP PK MP
------------------------------------------------------------------------------------
Andrej Meszaros 1 0 1 -2 0 2 2 1 0 0 0/0 17:14 5:07 0:00
Ben Lovejoy 0 0 0 -2 0 0 1 0 0 0 0/0 21:00 4:47 0:00
Brad Ference 0 1 1 -1 0 2 2 2 0 2 0/0 15:38 0:30 0:00
Chris Mcallister 0 0 0 -2 0 1 2 0 0 0 0/0 7:36 0:00 0:00
Dustin Boyd 0 0 0 -1 0 3 1 0 1 0 2/5 10:52 0:00 0:00
Greg Stewart 0 1 1 -1 0 0 0 0 1 0 0/0 7:07 0:01 0:00
Guillaume Latendresse 0 2 2 0 0 4 3 0 1 0 1/3 20:24 4:56 0:00
Jason Arnott 1 0 1 -2 0 1 1 0 0 1 1/6 8:30 0:01 0:06
Jay Bouwmeester 1 1 2 0 2 3 1 1 0 2 0/0 25:14 4:08 0:06
Ladislav Nagy 0 0 0 -1 0 0 1 1 0 0 0/0 11:11 0:00 0:01
Maxim Afinogenov 0 0 0 0 0 2 1 0 1 2 0/0 21:57 4:56 0:00
Mike Komisarek 0 1 1 0 0 1 0 2 1 1 0/0 21:42 0:00 0:06
Mike Lundin 0 0 0 1 0 0 0 0 1 1 0/0 17:50 3:18 0:00
Patric Hornqvist 1 1 2 1 0 5 3 0 0 0 0/0 19:08 3:58 0:00
Patrick Eaves 1 1 2 0 0 5 0 1 0 0 2/2 11:07 0:01 0:00
Stephen Weiss 0 1 1 1 0 5 0 0 0 0 13/23 19:29 4:56 0:00
Vincent Lecavalier 1 1 2 -1 0 4 0 1 1 0 21/37 22:20 3:58 0:00
Zach Parise 0 1 1 0 2 1 1 1 2 1 2/5 21:34 3:58 0:05
3 Stars
1 - Claude Giroux (Tor)
2 - Evgeni Malkin (Tor)
3 - Dion Phaneuf (Tor)
Power Play
Maple Leafs - 2 on 2 Attempt(s) - 100,00%
Devils - 2 on 6 Attempt(s) - 33,33%
Penalty Kill
Maple Leafs - 4 on 6 Attempt(s) - 66,67%
- Score 0 goal in Penalty Kill
Devils - 0 on 2 Attempt(s) - 0,00%
- Score 0 goal in Penalty Kill
Official
Referees : Martell Rob and Walsh Ian
Linesman : Mark Wheler and Steve Barton
Game Notes
Dan Ellis enters game at 14:44 of 1st period
Mike Lundin is injured at 5:18 of 3rd period (Left Knee)
Claude Giroux has scored a Hat Trick!
Claude Giroux has scored in a empty net!
Finance
Level 1 -- Attendance: 5505 (91,75%) -- Ticket Income 467 925 $
Level 2 -- Attendance: 4754 (95,08%) -- Ticket Income 247 208 $
Level 3 -- Attendance: 1862 (93,10%) -- Ticket Income 52 136 $
Level 4 -- Attendance: 4000 (100,00%) -- Ticket Income 80 000 $
Luxury Box -- Attendance: 1000 (100,00%) -- Ticket Income 170 000 $
Game was played at the The prudential Center
Total Attendance: 17121 (95,12%)
Total Ticket Income: 1 017 269 $
Other Income: 152 590 $
Total Income: 1 169 859 $
Maple Leafs
5 vs 5 Forward
Center Left Wing Right Wing Time % Phy DF OF
1 Evgeni Malkin Alexander Frolov Claude Giroux 40 1 2 2
2 Brendan Morrison Matt Pettinger Byron Bitz 30 1 2 2
3 Jordan Staal Steve Ott Colby Armstrong 20 1 2 2
4 Rob Schremp Justin Abdelkader Blake Comeau 10 1 2 2
5 vs 5 Defense
Defense Defense Time % Phy DF OF
1 Dion Phaneuf Braydon Coburn 40 1 2 2
2 Alex Goligoski Tobias Enstrom 30 1 2 2
3 Lubomir Visnovsky Jamie McBain 20 1 2 2
4 Dion Phaneuf Tobias Enstrom 10 1 2 2
PowerPlay Forward
Center Left Wing Right Wing Time % Phy DF OF
1 Evgeni Malkin Alexander Frolov Claude Giroux 60 1 2 2
2 Brendan Morrison Matt Pettinger Byron Bitz 40 1 2 2
PowerPlay Defense
Defense Defense Time % Phy DF OF
1 Dion Phaneuf Tobias Enstrom 60 1 2 2
2 Alex Goligoski Lubomir Visnovsky 40 1 2 2
Penalty Kill 4 Players Forward
Center Wing Time % Phy DF OF
1 Claude Giroux Evgeni Malkin 60 1 2 2
2 Alexander Frolov Brendan Morrison 40 1 2 2
Penalty Kill 4 Players Defense
Defense Defense Time % Phy DF OF
1 Dion Phaneuf Tobias Enstrom 60 1 2 2
2 Alex Goligoski Braydon Coburn 40 1 2 2
Penalty Kill - 3 Players Forward
Forward Time % Phy DF OF
1 Claude Giroux 60 1 2 2
2 Evgeni Malkin 40 1 2 2
Penalty Kill - 3 Players Defense
Defense Defense Time % Phy DF OF
1 Dion Phaneuf Tobias Enstrom 60 1 2 2
2 Alex Goligoski Braydon Coburn 40 1 2 2
4 vs 4 Forward
Center Wing Time % Phy DF OF
1 Claude Giroux Evgeni Malkin 60 1 2 2
2 Alexander Frolov Brendan Morrison 40 1 2 2
4 vs 4 Defense
Defense Defense Time % Phy DF OF
1 Dion Phaneuf Tobias Enstrom 60 1 2 2
2 Alex Goligoski Braydon Coburn 40 1 2 2
Last Minutes Offensive
Center Left Wing Right Wing Defense Defense
Evgeni Malkin Alexander Frolov Claude Giroux Dion Phaneuf Tobias Enstrom
Last Minutes Defensive
Center Left Wing Right Wing Defense Defense
Evgeni Malkin Alexander Frolov Claude Giroux Dion Phaneuf Tobias Enstrom
Goaltenders
Starting : Marc-André Fleury
Backup : Niklas Backstrom
Extra Forwards
Normal : Colby Armstrong, Jordan Staal, Steve Ott - PP : Colby Armstrong, Jordan Staal - PK : Steve Ott
Extra Defensemen
Normal : Lubomir Visnovsky, Jamie McBain, Alex Goligoski - PP : Lubomir Visnovsky - PK : Jamie McBain, Alex Goligoski
Penalty Shots
Claude Giroux, Evgeni Malkin, Alexander Frolov, Brendan Morrison, Byron Bitz
Devils
5 vs 5 Forward
Center Left Wing Right Wing Time % Phy DF OF
1 Vincent Lecavalier Zach Parise Maxim Afinogenov 40 1 2 2
2 Stephen Weiss Guillaume Latendresse Patric Hornqvist 30 1 2 2
3 Dustin Boyd Ladislav Nagy Patrick Eaves 20 1 2 2
4 Jason Arnott Greg Stewart Chris Mcallister 10 1 2 2
5 vs 5 Defense
Defense Defense Time % Phy DF OF
1 Jay Bouwmeester Mike Komisarek 40 1 2 2
2 Ben Lovejoy Mike Lundin 30 1 2 2
3 Brad Ference Andrej Meszaros 20 1 2 2
4 Mike Lundin Brad Ference 10 1 2 2
PowerPlay Forward
Center Left Wing Right Wing Time % Phy DF OF
1 Stephen Weiss Guillaume Latendresse Maxim Afinogenov 60 1 2 2
2 Vincent Lecavalier Zach Parise Patric Hornqvist 40 1 2 2
PowerPlay Defense
Defense Defense Time % Phy DF OF
1 Jay Bouwmeester Andrej Meszaros 60 1 2 2
2 Mike Lundin Ben Lovejoy 40 1 2 2
Penalty Kill 4 Players Forward
Center Wing Time % Phy DF OF
1 Jason Arnott Zach Parise 60 1 2 2
2 Vincent Lecavalier Chris Mcallister 40 1 2 2
Penalty Kill 4 Players Defense
Defense Defense Time % Phy DF OF
1 Jay Bouwmeester Mike Komisarek 60 1 2 2
2 Brad Ference Mike Lundin 40 1 2 2
Penalty Kill - 3 Players Forward
Forward Time % Phy DF OF
1 Jason Arnott 60 1 2 2
2 Vincent Lecavalier 40 1 2 2
Penalty Kill - 3 Players Defense
Defense Defense Time % Phy DF OF
1 Brad Ference Mike Lundin 60 1 2 2
2 Mike Komisarek Jay Bouwmeester 40 1 2 2
4 vs 4 Forward
Center Wing Time % Phy DF OF
1 Stephen Weiss Zach Parise 60 1 2 2
2 Vincent Lecavalier Guillaume Latendresse 40 1 2 2
4 vs 4 Defense
Defense Defense Time % Phy DF OF
1 Brad Ference Mike Komisarek 60 1 2 2
2 Jay Bouwmeester Ben Lovejoy 40 1 2 2
Last Minutes Offensive
Center Left Wing Right Wing Defense Defense
Vincent Lecavalier Guillaume Latendresse Maxim Afinogenov Ben Lovejoy Jay Bouwmeester
Last Minutes Defensive
Center Left Wing Right Wing Defense Defense
Vincent Lecavalier Guillaume Latendresse Maxim Afinogenov Ben Lovejoy Jay Bouwmeester
Goaltenders
Starting : Viktor Fasth
Backup : Dan Ellis
Extra Forwards
Normal : Jason Arnott, Chris Mcallister, Ladislav Nagy - PP : Jason Arnott, Greg Stewart - PK : Ladislav Nagy
Extra Defensemen
Normal : Mike Lundin, Mike Komisarek, Andrej Meszaros - PP : Mike Lundin - PK : Brad Ference, Ben Lovejoy
Penalty Shots
Vincent Lecavalier, Patric Hornqvist, Maxim Afinogenov, Stephen Weiss, Guillaume Latendresse
% Time on Ice - Maple Leafs
Lines # - Real PCT - Wanted PCT - Time Play
Normal Forward
1 - 33% - 40% - 16:40
2 - 31% - 30% - 15:23
3 - 22% - 20% - 10:50
4 - 15% - 10% - 7:27
Normal Defense
1 - 36% - 40% - 18:08
2 - 31% - 30% - 15:48
3 - 22% - 20% - 11:19
4 - 10% - 10% - 5:05
PP Forward
1 - 100% - 60% - 0:06
2 - 0% - 40% - 0:00
PP Defense
1 - 100% - 60% - 0:06
2 - 0% - 40% - 0:00
PK Forward
1 - 73% - 60% - 6:32
2 - 27% - 40% - 2:23
PK Defense
1 - 63% - 60% - 5:36
2 - 37% - 40% - 3:19
PK3 Forward
1 - 0% - 60%
2 - 0% - 40%
PK3 Defense
1 - 0% - 60%
2 - 0% - 40%
44 Forward
1 - 0% - 60%
2 - 0% - 40%
44 Defense
1 - 0% - 60%
2 - 0% - 40%
Last Minute Offensive - 0:00
Last Minute Defensive - 0:39
Total
Forward - 60:00
Defense - 60:00
|
% Time on Ice - Devils
Lines # - Real PCT - Wanted PCT - Time Play
Normal Forward
1 - 33% - 40% - 16:41
2 - 32% - 30% - 16:09
3 - 21% - 20% - 10:38
4 - 13% - 10% - 6:38
Normal Defense
1 - 38% - 40% - 19:11
2 - 32% - 30% - 15:54
3 - 18% - 20% - 9:11
4 - 12% - 10% - 5:50
PP Forward
1 - 56% - 60% - 4:57
2 - 44% - 40% - 3:58
PP Defense
1 - 46% - 60% - 4:08
2 - 54% - 40% - 4:47
PK Forward
1 - 100% - 60% - 0:06
2 - 0% - 40% - 0:00
PK Defense
1 - 100% - 60% - 0:06
2 - 0% - 40% - 0:00
PK3 Forward
1 - 0% - 60%
2 - 0% - 40%
PK3 Defense
1 - 0% - 60%
2 - 0% - 40%
44 Forward
1 - 0% - 60%
2 - 0% - 40%
44 Defense
1 - 0% - 60%
2 - 0% - 40%
Last Minute Offensive - 0:53
Last Minute Defensive - 0:00
Total
Forward - 60:00
Defense - 60:00
|
Play by Play
1st period
0:01 of 1st period - Evgeni Malkin wins face-off versus Vincent Lecavalier in neutral zone.
0:04 of 1st period - Maxim Afinogenov is hit by Evgeni Malkin and loses puck.
0:15 of 1st period - Snap shot by Claude Giroux.
0:15 of 1st period - Stopped by Viktor Fasth without a rebound.
0:16 of 1st period - Stephen Weiss wins face-off versus Brendan Morrison in Devils zone.
1:26 of 1st period - Alexander Frolov is hit by Patric Hornqvist and loses puck.
1:33 of 1st period - Claude Giroux is hit by Patric Hornqvist.
1:37 of 1st period - Slapshot by Patric Hornqvist.
1:37 of 1st period - Stopped by Marc-André Fleury with a rebound.
2:53 of 1st period - Slapshot by Patric Hornqvist.
2:53 of 1st period - Shot Misses the Net.
2:55 of 1st period - Snap shot by Brad Ference.
2:55 of 1st period - Stopped by Marc-André Fleury without a rebound.
2:56 of 1st period - Stephen Weiss wins face-off versus Brendan Morrison in Maple Leafs zone.
3:05 of 1st period - Snap shot by Guillaume Latendresse.
3:05 of 1st period - Shot Misses the Net.
3:07 of 1st period - Snap shot by Stephen Weiss.
3:07 of 1st period - Deflect By Patric Hornqvist.
3:07 of 1st period - Shot Blocked by Dion Phaneuf.
3:07 of 1st period - Puck is out of play.
3:08 of 1st period - Vincent Lecavalier wins face-off versus Colby Armstrong in Maple Leafs zone.
3:11 of 1st period - Snap shot by Vincent Lecavalier.
3:11 of 1st period - Goal by Vincent Lecavalier - Maple Leafs : 0 - Devils : 1.
3:12 of 1st period - Vincent Lecavalier wins face-off versus Brendan Morrison in neutral zone.
3:20 of 1st period - Minor Penalty to Matt Pettinger for Tripping.
3:21 of 1st period - Stephen Weiss wins face-off versus Claude Giroux in Maple Leafs zone.
3:21 of 1st period - Snap shot by Guillaume Latendresse.
3:21 of 1st period - Shot Misses the Net.
3:35 of 1st period - Wrist shot by Guillaume Latendresse.
3:35 of 1st period - Deflect By Stephen Weiss.
3:35 of 1st period - Shot Misses the Net.
3:35 of 1st period - Puck is out of play.
3:36 of 1st period - Stephen Weiss wins face-off versus Claude Giroux in Maple Leafs zone.
3:37 of 1st period - Wrist shot by Guillaume Latendresse.
3:37 of 1st period - Shot Misses the Net.
3:39 of 1st period - Slapshot by Jay Bouwmeester.
3:39 of 1st period - Goal by Jay Bouwmeester - Maple Leafs : 0 - Devils : 2.
3:40 of 1st period - Vincent Lecavalier wins face-off versus Colby Armstrong in neutral zone.
4:05 of 1st period - Snap shot by Stephen Weiss.
4:05 of 1st period - Shot Blocked by Claude Giroux.
4:07 of 1st period - Slapshot by Mike Lundin.
4:07 of 1st period - Shot Blocked by Tobias Enstrom.
4:09 of 1st period - Snap shot by Guillaume Latendresse.
4:09 of 1st period - Shot Blocked by Alex Goligoski.
4:11 of 1st period - Slapshot by Brad Ference.
4:11 of 1st period - Stopped by Marc-André Fleury with a rebound.
4:13 of 1st period - Wrist shot by Stephen Weiss.
4:13 of 1st period - Stopped by Marc-André Fleury without a rebound.
4:14 of 1st period - Vincent Lecavalier wins face-off versus Brendan Morrison in Maple Leafs zone.
5:14 of 1st period - Slapshot by Dustin Boyd.
5:14 of 1st period - Deflect By Ladislav Nagy.
5:14 of 1st period - Shot Blocked by Colby Armstrong.
5:14 of 1st period - Puck is out of play.
5:15 of 1st period - Rob Schremp wins face-off versus Stephen Weiss in Maple Leafs zone.
6:11 of 1st period - Slapshot by Dion Phaneuf.
6:11 of 1st period - Goal by Dion Phaneuf - Maple Leafs : 1 - Devils : 2.
6:12 of 1st period - Evgeni Malkin wins face-off versus Stephen Weiss in neutral zone.
7:10 of 1st period - Icing by Claude Giroux.
7:11 of 1st period - Evgeni Malkin wins face-off versus Zach Parise in Maple Leafs zone.
7:26 of 1st period - Snap shot by Evgeni Malkin.
7:26 of 1st period - Stopped by Viktor Fasth without a rebound.
7:27 of 1st period - Stephen Weiss wins face-off versus Brendan Morrison in Devils zone.
7:42 of 1st period - Wrist shot by Brendan Morrison.
7:42 of 1st period - Shot Misses the Net.
7:54 of 1st period - Mike Komisarek is hit by Jordan Staal and loses puck.
8:00 of 1st period - Off-side.
8:01 of 1st period - Jordan Staal wins face-off versus Vincent Lecavalier in neutral zone.
8:27 of 1st period - Mike Lundin is hit by Byron Bitz and loses puck.
8:36 of 1st period - Snap shot by Byron Bitz.
8:36 of 1st period - Stopped by Viktor Fasth without a rebound.
8:37 of 1st period - Stephen Weiss wins face-off versus Rob Schremp in Devils zone.
9:04 of 1st period - Vincent Lecavalier is hit by Byron Bitz.
9:28 of 1st period - Slapshot by Evgeni Malkin.
9:28 of 1st period - Goal by Evgeni Malkin - Maple Leafs : 2 - Devils : 2.
9:29 of 1st period - Stephen Weiss wins face-off versus Jordan Staal in neutral zone.
9:56 of 1st period - Minor Penalty to Brendan Morrison for Holding Stick.
9:57 of 1st period - Claude Giroux wins face-off versus Guillaume Latendresse in Maple Leafs zone.
11:32 of 1st period - Jay Bouwmeester is hit by Alexander Frolov and loses puck.
11:56 of 1st period - Penalty to Brendan Morrison is over, Brendan Morrison is back on ice.
12:13 of 1st period - Wrist shot by Dion Phaneuf.
12:13 of 1st period - Deflect By Blake Comeau.
12:13 of 1st period - Goal by Blake Comeau - Maple Leafs : 3 - Devils : 2.
12:14 of 1st period - Dustin Boyd wins face-off versus Brendan Morrison in neutral zone.
12:17 of 1st period - Snap shot by Ladislav Nagy.
12:17 of 1st period - Deflect By Byron Bitz.
12:17 of 1st period - Shot Blocked by Matt Pettinger.
12:17 of 1st period - Puck is out of play.
12:18 of 1st period - Matt Pettinger wins face-off versus Dustin Boyd in Maple Leafs zone.
12:31 of 1st period - Wrist shot by Dustin Boyd.
12:31 of 1st period - Stopped by Marc-André Fleury without a rebound.
12:32 of 1st period - Vincent Lecavalier wins face-off versus Evgeni Malkin in Maple Leafs zone.
12:35 of 1st period - Wrist shot by Maxim Afinogenov.
12:35 of 1st period - Deflect By Vincent Lecavalier.
12:35 of 1st period - Shot Blocked by Evgeni Malkin.
12:35 of 1st period - Puck is out of play.
12:36 of 1st period - Vincent Lecavalier wins face-off versus Evgeni Malkin in Maple Leafs zone.
12:37 of 1st period - Snap shot by Maxim Afinogenov.
12:37 of 1st period - Shot Misses the Net.
13:12 of 1st period - Ladislav Nagy is hit by Byron Bitz.
13:31 of 1st period - Snap shot by Stephen Weiss.
13:31 of 1st period - Stopped by Marc-André Fleury without a rebound.
13:32 of 1st period - Rob Schremp wins face-off versus Vincent Lecavalier in Maple Leafs zone.
13:49 of 1st period - Wrist shot by Rob Schremp.
13:49 of 1st period - Stopped by Viktor Fasth without a rebound.
13:50 of 1st period - Evgeni Malkin wins face-off versus Stephen Weiss in Devils zone.
14:32 of 1st period - Snap shot by Stephen Weiss.
14:32 of 1st period - Stopped by Marc-André Fleury without a rebound.
14:33 of 1st period - Vincent Lecavalier wins face-off versus Evgeni Malkin in Maple Leafs zone.
14:34 of 1st period - Slapshot by Zach Parise.
14:34 of 1st period - Stopped by Marc-André Fleury with a rebound.
14:44 of 1st period - Wrist shot by Claude Giroux.
14:44 of 1st period - Goal by Claude Giroux - Maple Leafs : 4 - Devils : 2.
14:44 of 1st period - Dan Ellis enters game.
14:45 of 1st period - Vincent Lecavalier wins face-off versus Evgeni Malkin in neutral zone.
14:47 of 1st period - Minor Penalty to Zach Parise for High sticking.
14:48 of 1st period - Evgeni Malkin wins face-off versus Jason Arnott in Devils zone.
14:48 of 1st period - Wrist shot by Claude Giroux.
14:48 of 1st period - Goal by Claude Giroux - Maple Leafs : 5 - Devils : 2.
14:49 of 1st period - Evgeni Malkin wins face-off versus Vincent Lecavalier in neutral zone.
15:22 of 1st period - Slapshot by Mike Komisarek.
15:22 of 1st period - Shot Blocked by Matt Pettinger.
15:24 of 1st period - Slapshot by Mike Komisarek.
15:24 of 1st period - Deflect By Patrick Eaves.
15:24 of 1st period - Goal by Patrick Eaves - Maple Leafs : 5 - Devils : 3.
15:25 of 1st period - Vincent Lecavalier wins face-off versus Evgeni Malkin in neutral zone.
16:18 of 1st period - Slapshot by Tobias Enstrom.
16:18 of 1st period - Shot Blocked by Andrej Meszaros.
16:20 of 1st period - Snap shot by Tobias Enstrom.
16:20 of 1st period - Stopped by Dan Ellis with a rebound.
16:22 of 1st period - Wrist shot by Blake Comeau.
16:22 of 1st period - Shot Misses the Net.
16:24 of 1st period - Wrist shot by Rob Schremp.
16:24 of 1st period - Shot Misses the Net.
16:38 of 1st period - Snap shot by Jordan Staal.
16:38 of 1st period - Shot Blocked by Brad Ference.
16:40 of 1st period - Slapshot by Dion Phaneuf.
16:40 of 1st period - Shot Blocked by Brad Ference.
16:42 of 1st period - Slapshot by Braydon Coburn.
16:42 of 1st period - Stopped by Dan Ellis without a rebound.
16:43 of 1st period - Alexander Frolov wins face-off versus Vincent Lecavalier in Devils zone.
16:50 of 1st period - Wrist shot by Claude Giroux.
16:50 of 1st period - Stopped by Dan Ellis with a rebound.
16:52 of 1st period - Slapshot by Dion Phaneuf.
16:52 of 1st period - Shot Misses the Net.
16:54 of 1st period - Slapshot by Alexander Frolov.
16:54 of 1st period - Shot Misses the Net.
16:56 of 1st period - Slapshot by Braydon Coburn.
16:56 of 1st period - Shot Blocked by Mike Komisarek.
17:00 of 1st period - Wrist shot by Claude Giroux.
17:00 of 1st period - Stopped by Dan Ellis without a rebound.
17:01 of 1st period - Brendan Morrison wins face-off versus Stephen Weiss in Devils zone.
17:26 of 1st period - Zach Parise is hit by Alexander Frolov and loses puck.
17:49 of 1st period - Snap shot by Greg Stewart.
17:49 of 1st period - Shot Misses the Net.
18:33 of 1st period - Snap shot by Guillaume Latendresse.
18:33 of 1st period - Deflect By Patric Hornqvist.
18:33 of 1st period - Shot Misses the Net.
18:33 of 1st period - Puck is out of play.
18:34 of 1st period - Vincent Lecavalier wins face-off versus Evgeni Malkin in Maple Leafs zone.
18:47 of 1st period - Snap shot by Claude Giroux.
18:47 of 1st period - Deflect By Evgeni Malkin.
18:47 of 1st period - Shot Misses the Net.
18:47 of 1st period - Puck is out of play.
18:48 of 1st period - Vincent Lecavalier wins face-off versus Evgeni Malkin in Devils zone.
18:59 of 1st period - Maxim Afinogenov is hit by Claude Giroux.
19:05 of 1st period - Evgeni Malkin is hit by Brad Ference and loses puck.
19:18 of 1st period - Snap shot by Byron Bitz.
19:18 of 1st period - Shot Misses the Net.
19:38 of 1st period - Snap shot by Rob Schremp.
19:38 of 1st period - Shot Misses the Net.
19:40 of 1st period - Backhand shot by Blake Comeau.
19:40 of 1st period - Stopped by Dan Ellis with a rebound.
19:42 of 1st period - Snap shot by Lubomir Visnovsky.
19:42 of 1st period - Deflect By Rob Schremp.
19:42 of 1st period - Shot Misses the Net.
19:42 of 1st period - Puck is out of play.
19:43 of 1st period - Vincent Lecavalier wins face-off versus Rob Schremp in Devils zone.
19:56 of 1st period - Snap shot by Vincent Lecavalier.
19:56 of 1st period - Shot Misses the Net.
0:00 of 2nd period - Minor Penalty to Jay Bouwmeester for Hooking.
Goals for this period are 5 for Maple Leafs vs 3 for Devils.
Shots for this period are 14 for Maple Leafs vs 11 for Devils.
2nd period
0:01 of 2nd period - Evgeni Malkin wins face-off versus Jason Arnott in neutral zone.
0:04 of 2nd period - Wrist shot by Evgeni Malkin.
0:04 of 2nd period - Goal by Evgeni Malkin - Maple Leafs : 6 - Devils : 3.
0:05 of 2nd period - Evgeni Malkin wins face-off versus Vincent Lecavalier in neutral zone.
0:08 of 2nd period - Backhand shot by Alexander Frolov.
0:08 of 2nd period - Shot Misses the Net.
0:23 of 2nd period - Minor Penalty to Evgeni Malkin for Hooking.
0:24 of 2nd period - Claude Giroux wins face-off versus Stephen Weiss in Maple Leafs zone.
0:40 of 2nd period - Snap shot by Stephen Weiss.
0:40 of 2nd period - Shot Blocked by Tobias Enstrom.
2:23 of 2nd period - Penalty to Evgeni Malkin is over, Evgeni Malkin is back on ice.
2:27 of 2nd period - Icing by Jordan Staal.
2:28 of 2nd period - Patrick Eaves wins face-off versus Jordan Staal in Maple Leafs zone.
2:35 of 2nd period - Snap shot by Patrick Eaves.
2:35 of 2nd period - Deflect By Jason Arnott.
2:35 of 2nd period - Goal by Jason Arnott - Maple Leafs : 6 - Devils : 4.
2:36 of 2nd period - Vincent Lecavalier wins face-off versus Evgeni Malkin in neutral zone.
2:39 of 2nd period - Slapshot by Jay Bouwmeester.
2:39 of 2nd period - Stopped by Marc-André Fleury with a rebound.
2:41 of 2nd period - Snap shot by Zach Parise.
2:41 of 2nd period - Shot Misses the Net.
2:43 of 2nd period - Wrist shot by Maxim Afinogenov.
2:43 of 2nd period - Stopped by Marc-André Fleury without a rebound.
2:44 of 2nd period - Evgeni Malkin wins face-off versus Vincent Lecavalier in Maple Leafs zone.
4:08 of 2nd period - Off-side.
4:09 of 2nd period - Brendan Morrison wins face-off versus Stephen Weiss in neutral zone.
4:15 of 2nd period - Off-side.
4:16 of 2nd period - Brendan Morrison wins face-off versus Guillaume Latendresse in neutral zone.
4:38 of 2nd period - Icing by Byron Bitz.
4:39 of 2nd period - Colby Armstrong wins face-off versus Dustin Boyd in Maple Leafs zone.
5:04 of 2nd period - Brendan Morrison is hit by Guillaume Latendresse and loses puck.
5:17 of 2nd period - Snap shot by Stephen Weiss.
5:17 of 2nd period - Deflect By Patric Hornqvist.
5:17 of 2nd period - Stopped by Marc-André Fleury without a rebound.
5:18 of 2nd period - Jordan Staal wins face-off versus Jason Arnott in Maple Leafs zone.
5:22 of 2nd period - Off-side.
5:23 of 2nd period - Jason Arnott wins face-off versus Colby Armstrong in neutral zone.
5:28 of 2nd period - Jordan Staal is hit by Chris Mcallister and loses puck.
5:37 of 2nd period - Mike Lundin is hit by Steve Ott and loses puck.
6:13 of 2nd period - Wrist shot by Greg Stewart.
6:13 of 2nd period - Shot Misses the Net.
6:15 of 2nd period - Snap shot by Jason Arnott.
6:15 of 2nd period - Shot Misses the Net.
6:17 of 2nd period - Snap shot by Jason Arnott.
6:17 of 2nd period - Shot Misses the Net.
6:19 of 2nd period - Slapshot by Mike Lundin.
6:19 of 2nd period - Deflect By Chris Mcallister.
6:19 of 2nd period - Shot Hit the Post.
6:19 of 2nd period - Puck is out of play.
6:20 of 2nd period - Brendan Morrison wins face-off versus Stephen Weiss in Maple Leafs zone.
6:22 of 2nd period - Icing by Byron Bitz.
6:23 of 2nd period - Brendan Morrison wins face-off versus Stephen Weiss in Maple Leafs zone.
8:16 of 2nd period - Snap shot by Dustin Boyd.
8:16 of 2nd period - Stopped by Marc-André Fleury with a rebound.
8:18 of 2nd period - Snap shot by Ladislav Nagy.
8:18 of 2nd period - Deflect By Patrick Eaves.
8:18 of 2nd period - Stopped by Marc-André Fleury without a rebound.
8:19 of 2nd period - Rob Schremp wins face-off versus Dustin Boyd in Maple Leafs zone.
8:34 of 2nd period - Slapshot by Brad Ference.
8:34 of 2nd period - Shot Misses the Net.
8:38 of 2nd period - Backhand shot by Dustin Boyd.
8:38 of 2nd period - Stopped by Marc-André Fleury with a rebound.
8:40 of 2nd period - Slapshot by Andrej Meszaros.
8:40 of 2nd period - Stopped by Marc-André Fleury without a rebound.
8:41 of 2nd period - Evgeni Malkin wins face-off versus Vincent Lecavalier in Maple Leafs zone.
8:43 of 2nd period - Minor Penalty to Jamie McBain for Hooking.
8:44 of 2nd period - Stephen Weiss wins face-off versus Claude Giroux in Maple Leafs zone.
9:52 of 2nd period - Icing by Mike Lundin.
9:53 of 2nd period - Alexander Frolov wins face-off versus Vincent Lecavalier in Devils zone.
10:43 of 2nd period - Penalty to Jamie McBain is over, Jamie McBain is back on ice.
11:00 of 2nd period - Slapshot by Ben Lovejoy.
11:00 of 2nd period - Shot Blocked by Dion Phaneuf.
11:40 of 2nd period - Wrist shot by Vincent Lecavalier.
11:40 of 2nd period - Stopped by Marc-André Fleury with a rebound.
11:42 of 2nd period - Snap shot by Patric Hornqvist.
11:42 of 2nd period - Shot Misses the Net.
11:50 of 2nd period - Snap shot by Vincent Lecavalier.
11:50 of 2nd period - Stopped by Marc-André Fleury without a rebound.
11:51 of 2nd period - Dustin Boyd wins face-off versus Jordan Staal in Maple Leafs zone.
12:00 of 2nd period - Steve Ott is hit by Dustin Boyd and loses puck.
12:18 of 2nd period - Justin Abdelkader is hit by Chris Mcallister.
12:26 of 2nd period - Snap shot by Andrej Meszaros.
12:26 of 2nd period - Shot Blocked by Lubomir Visnovsky.
12:28 of 2nd period - Wrist shot by Chris Mcallister.
12:28 of 2nd period - Stopped by Marc-André Fleury without a rebound.
12:29 of 2nd period - Steve Ott wins face-off versus Jason Arnott in Maple Leafs zone.
13:00 of 2nd period - Wrist shot by Justin Abdelkader.
13:00 of 2nd period - Shot Blocked by Patrick Eaves.
15:00 of 2nd period - Steve Ott is hit by Zach Parise and loses puck.
15:07 of 2nd period - Jay Bouwmeester is hit by Steve Ott and loses puck.
15:22 of 2nd period - Slapshot by Claude Giroux.
15:22 of 2nd period - Stopped by Dan Ellis without a rebound.
15:23 of 2nd period - Stephen Weiss wins face-off versus Brendan Morrison in Devils zone.
15:28 of 2nd period - Slapshot by Brad Ference.
15:28 of 2nd period - Shot Misses the Net.
15:30 of 2nd period - Slapshot by Patric Hornqvist.
15:30 of 2nd period - Goal by Patric Hornqvist - Maple Leafs : 6 - Devils : 5.
15:31 of 2nd period - Vincent Lecavalier wins face-off versus Evgeni Malkin in neutral zone.
15:59 of 2nd period - Snap shot by Byron Bitz.
15:59 of 2nd period - Shot Misses the Net.
16:19 of 2nd period - Ladislav Nagy is hit by Steve Ott and loses puck.
16:24 of 2nd period - Wrist shot by Colby Armstrong.
16:24 of 2nd period - Shot Hit the Post.
16:26 of 2nd period - Slapshot by Dion Phaneuf.
16:26 of 2nd period - Shot Misses the Net.
16:28 of 2nd period - Slapshot by Braydon Coburn.
16:28 of 2nd period - Shot Blocked by Ladislav Nagy.
16:59 of 2nd period - Greg Stewart is hit by Claude Giroux and loses puck.
17:27 of 2nd period - Tobias Enstrom is hit by Ben Lovejoy and loses puck.
17:44 of 2nd period - Slapshot by Guillaume Latendresse.
17:44 of 2nd period - Stopped by Marc-André Fleury without a rebound.
17:45 of 2nd period - Jordan Staal wins face-off versus Stephen Weiss in Maple Leafs zone.
17:45 of 2nd period - Jordan Staal is hit by Guillaume Latendresse.
18:05 of 2nd period - Snap shot by Patric Hornqvist.
18:05 of 2nd period - Shot Misses the Net.
18:37 of 2nd period - Snap shot by Steve Ott.
18:37 of 2nd period - Shot Blocked by Jay Bouwmeester.
19:06 of 2nd period - Snap shot by Guillaume Latendresse.
19:06 of 2nd period - Shot Blocked by Jordan Staal.
19:08 of 2nd period - Wrist shot by Jay Bouwmeester.
19:08 of 2nd period - Stopped by Marc-André Fleury with a rebound.
19:44 of 2nd period - Snap shot by Stephen Weiss.
19:44 of 2nd period - Stopped by Marc-André Fleury with a rebound.
19:46 of 2nd period - Snap shot by Guillaume Latendresse.
19:46 of 2nd period - Shot Misses the Net.
19:48 of 2nd period - Slapshot by Mike Komisarek.
19:48 of 2nd period - Stopped by Marc-André Fleury without a rebound.
19:49 of 2nd period - Zach Parise wins face-off versus Evgeni Malkin in Maple Leafs zone.
19:50 of 2nd period - Snap shot by Vincent Lecavalier.
19:50 of 2nd period - Stopped by Marc-André Fleury without a rebound.
19:51 of 2nd period - Evgeni Malkin wins face-off versus Vincent Lecavalier in Maple Leafs zone.
Goals for this period are 1 for Maple Leafs vs 2 for Devils.
Shots for this period are 2 for Maple Leafs vs 17 for Devils.
3rd period
0:01 of 3rd period - Zach Parise wins face-off versus Evgeni Malkin in neutral zone.
0:05 of 3rd period - Off-side.
0:06 of 3rd period - Vincent Lecavalier wins face-off versus Evgeni Malkin in neutral zone.
0:32 of 3rd period - Backhand shot by Brendan Morrison.
0:32 of 3rd period - Shot Misses the Net.
0:56 of 3rd period - Wrist shot by Blake Comeau.
0:56 of 3rd period - Deflect By Justin Abdelkader.
0:56 of 3rd period - Stopped by Dan Ellis without a rebound.
0:57 of 3rd period - Stephen Weiss wins face-off versus Blake Comeau in Devils zone.
1:06 of 3rd period - Snap shot by Rob Schremp.
1:06 of 3rd period - Stopped by Dan Ellis without a rebound.
1:07 of 3rd period - Evgeni Malkin wins face-off versus Zach Parise in Devils zone.
1:39 of 3rd period - Off-side.
1:40 of 3rd period - Stephen Weiss wins face-off versus Brendan Morrison in neutral zone.
2:07 of 3rd period - Maxim Afinogenov is hit by Steve Ott and loses puck.
2:15 of 3rd period - Icing by Vincent Lecavalier.
2:16 of 3rd period - Evgeni Malkin wins face-off versus Vincent Lecavalier in Devils zone.
2:25 of 3rd period - Wrist shot by Lubomir Visnovsky.
2:25 of 3rd period - Shot Blocked by Mike Komisarek.
2:27 of 3rd period - Wrist shot by Alexander Frolov.
2:27 of 3rd period - Stopped by Dan Ellis without a rebound.
2:28 of 3rd period - Vincent Lecavalier wins face-off versus Evgeni Malkin in Devils zone.
2:48 of 3rd period - Icing by Zach Parise.
2:49 of 3rd period - Brendan Morrison wins face-off versus Vincent Lecavalier in Devils zone.
2:50 of 3rd period - Wrist shot by Byron Bitz.
2:50 of 3rd period - Shot Blocked by Vincent Lecavalier.
2:52 of 3rd period - Slapshot by Lubomir Visnovsky.
2:52 of 3rd period - Stopped by Dan Ellis with a rebound.
2:54 of 3rd period - Slapshot by Lubomir Visnovsky.
2:54 of 3rd period - Stopped by Dan Ellis without a rebound.
2:55 of 3rd period - Vincent Lecavalier wins face-off versus Brendan Morrison in Devils zone.
2:55 of 3rd period - Vincent Lecavalier is hit by Brendan Morrison.
3:58 of 3rd period - Slapshot by Patrick Eaves.
3:58 of 3rd period - Stopped by Marc-André Fleury with a rebound.
4:04 of 3rd period - Snap shot by Patrick Eaves.
4:04 of 3rd period - Stopped by Marc-André Fleury without a rebound.
4:05 of 3rd period - Vincent Lecavalier wins face-off versus Evgeni Malkin in Maple Leafs zone.
4:09 of 3rd period - Minor Penalty to Alexander Frolov for Holding Stick.
4:10 of 3rd period - Stephen Weiss wins face-off versus Claude Giroux in Maple Leafs zone.
4:10 of 3rd period - Snap shot by Guillaume Latendresse.
4:10 of 3rd period - Stopped by Marc-André Fleury without a rebound.
4:11 of 3rd period - Evgeni Malkin wins face-off versus Stephen Weiss in Maple Leafs zone.
4:11 of 3rd period - Evgeni Malkin is hit by Andrej Meszaros.
4:49 of 3rd period - Slapshot by Andrej Meszaros.
4:49 of 3rd period - Deflect By Brendan Morrison.
4:49 of 3rd period - Goal by Andrej Meszaros - Maple Leafs : 6 - Devils : 6.
4:50 of 3rd period - Vincent Lecavalier wins face-off versus Evgeni Malkin in neutral zone.
5:17 of 3rd period - Mike Lundin is hit by Tobias Enstrom and loses puck.
5:18 of 3rd period - Mike Lundin from Devils is injured at 5:18 of 3rd period (Left Knee).
5:19 of 3rd period - Vincent Lecavalier wins face-off versus Evgeni Malkin in Devils zone.
5:19 of 3rd period - Vincent Lecavalier is hit by Evgeni Malkin.
5:25 of 3rd period - Evgeni Malkin is hit by Maxim Afinogenov.
6:06 of 3rd period - Andrej Meszaros is hit by Dion Phaneuf and loses puck.
7:08 of 3rd period - Snap shot by Patrick Eaves.
7:08 of 3rd period - Stopped by Marc-André Fleury without a rebound.
7:09 of 3rd period - Brendan Morrison wins face-off versus Zach Parise in Maple Leafs zone.
7:16 of 3rd period - Snap shot by Maxim Afinogenov.
7:16 of 3rd period - Stopped by Marc-André Fleury with a rebound.
7:22 of 3rd period - Slapshot by Zach Parise.
7:22 of 3rd period - Shot Blocked by Jamie McBain.
7:25 of 3rd period - Icing by Jamie McBain.
7:26 of 3rd period - Stephen Weiss wins face-off versus Brendan Morrison in Maple Leafs zone.
7:33 of 3rd period - Snap shot by Stephen Weiss.
7:33 of 3rd period - Deflect By Patric Hornqvist.
7:33 of 3rd period - Stopped by Marc-André Fleury with a rebound.
7:41 of 3rd period - Snap shot by Matt Pettinger.
7:41 of 3rd period - Stopped by Dan Ellis with a rebound.
7:43 of 3rd period - Snap shot by Byron Bitz.
7:43 of 3rd period - Stopped by Dan Ellis with a rebound.
7:45 of 3rd period - Slapshot by Lubomir Visnovsky.
7:45 of 3rd period - Stopped by Dan Ellis with a rebound.
8:07 of 3rd period - Snap shot by Byron Bitz.
8:07 of 3rd period - Stopped by Dan Ellis without a rebound.
8:08 of 3rd period - Evgeni Malkin wins face-off versus Vincent Lecavalier in Devils zone.
8:13 of 3rd period - Snap shot by Alexander Frolov.
8:13 of 3rd period - Stopped by Dan Ellis without a rebound.
8:14 of 3rd period - Evgeni Malkin wins face-off versus Vincent Lecavalier in Devils zone.
8:17 of 3rd period - Snap shot by Claude Giroux.
8:17 of 3rd period - Shot Blocked by Zach Parise.
9:25 of 3rd period - Slapshot by Alex Goligoski.
9:25 of 3rd period - Stopped by Dan Ellis without a rebound.
9:26 of 3rd period - Rob Schremp wins face-off versus Jason Arnott in Devils zone.
9:33 of 3rd period - Wrist shot by Blake Comeau.
9:33 of 3rd period - Goal by Blake Comeau - Maple Leafs : 7 - Devils : 6.
9:34 of 3rd period - Evgeni Malkin wins face-off versus Vincent Lecavalier in neutral zone.
9:59 of 3rd period - Dustin Boyd is hit by Brendan Morrison and loses puck.
10:28 of 3rd period - Wrist shot by Patric Hornqvist.
10:28 of 3rd period - Shot Blocked by Jordan Staal.
10:30 of 3rd period - Minor Penalty to Steve Ott for Hooking.
10:31 of 3rd period - Guillaume Latendresse wins face-off versus Claude Giroux in Maple Leafs zone.
10:59 of 3rd period - Slapshot by Guillaume Latendresse.
10:59 of 3rd period - Stopped by Marc-André Fleury with a rebound.
11:01 of 3rd period - Slapshot by Andrej Meszaros.
11:01 of 3rd period - Shot Misses the Net.
11:03 of 3rd period - Snap shot by Stephen Weiss.
11:03 of 3rd period - Shot Misses the Net.
11:05 of 3rd period - Snap shot by Ben Lovejoy.
11:05 of 3rd period - Shot Blocked by Dion Phaneuf.
11:07 of 3rd period - Snap shot by Maxim Afinogenov.
11:07 of 3rd period - Shot Blocked by Alexander Frolov.
11:39 of 3rd period - Slapshot by Stephen Weiss.
11:39 of 3rd period - Stopped by Marc-André Fleury with a rebound.
11:59 of 3rd period - Slapshot by Guillaume Latendresse.
11:59 of 3rd period - Stopped by Marc-André Fleury without a rebound.
12:00 of 3rd period - Vincent Lecavalier wins face-off versus Brendan Morrison in Maple Leafs zone.
12:05 of 3rd period - Snap shot by Vincent Lecavalier.
12:05 of 3rd period - Deflect By Patric Hornqvist.
12:05 of 3rd period - Stopped by Marc-André Fleury without a rebound.
12:06 of 3rd period - Claude Giroux wins face-off versus Vincent Lecavalier in Maple Leafs zone.
12:06 of 3rd period - Claude Giroux is hit by Patric Hornqvist.
12:30 of 3rd period - Penalty to Steve Ott is over, Steve Ott is back on ice.
13:20 of 3rd period - Braydon Coburn is hit by Ladislav Nagy and loses puck.
13:43 of 3rd period - Jason Arnott is hit by Blake Comeau and loses puck.
15:04 of 3rd period - Jay Bouwmeester is hit by Byron Bitz.
15:08 of 3rd period - Lubomir Visnovsky is hit by Jay Bouwmeester and loses puck.
15:48 of 3rd period - Blake Comeau is hit by Jason Arnott and loses puck.
16:14 of 3rd period - Andrej Meszaros is hit by Jamie McBain.
16:24 of 3rd period - Jamie McBain is hit by Andrej Meszaros.
16:34 of 3rd period - Dustin Boyd is hit by Claude Giroux and loses puck.
16:47 of 3rd period - Colby Armstrong is hit by Brad Ference and loses puck.
17:09 of 3rd period - Jordan Staal is hit by Guillaume Latendresse and loses puck.
17:53 of 3rd period - Zach Parise is hit by Evgeni Malkin and loses puck.
18:54 of 3rd period - Vincent Lecavalier is hit by Braydon Coburn and loses puck.
19:23 of 3rd period - Devils, Dan Ellis is pulled from the net.
19:23 of 3rd period - Snap shot by Vincent Lecavalier.
19:23 of 3rd period - Shot Misses the Net.
19:37 of 3rd period - Snap shot by Evgeni Malkin.
19:37 of 3rd period - Deflect By Claude Giroux.
19:37 of 3rd period - Goal by Claude Giroux - Maple Leafs : 8 - Devils : 6.
19:37 of 3rd period - Dan Ellis from Devils was sent back in the game.
19:38 of 3rd period - Patrick Eaves wins face-off versus Evgeni Malkin in neutral zone.
Goals for this period are 2 for Maple Leafs vs 1 for Devils.
Shots for this period are 13 for Maple Leafs vs 11 for Devils.
Output by the SimonT Hockey Simulator (STHS) for François Prévost -- Original Page W3C XHTML 1.0 Valid